 Dungeon Crawl Stone Soup version 0.19.5 (webtiles) character file.

34271 Nikta the Unseen (level 13, -11/65 HPs)
             Began as a Spriggan Assassin on Mar 15, 2017.
             Was a Priest of Dithmenos.
             Mangled by a torpor snail (23 damage)
             ... on level 3 of the Lair of Beasts on Mar 16, 2017.
             The game lasted 01:51:56 (12746 turns).

Nikta the Unseen (Spriggan Assassin)               Turns: 12746, Time: 01:51:57

Health: -11/65     AC:  5    Str:  9    XL:     13   Next: 41%
Magic:  23/23      EV: 29    Int: 22    God:    Dithmenos [***...]
Gold:   479        SH:  3    Dex: 23    Spells: 3 memorised, 17 levels left

rFire  + . .     SeeInvis +     d - +6 long sword of Expedience {speed, Int+7}
rCold  + . .     Gourm    .     i - +0 robe "Suitraz" {rElec rPois rF+ Regen+}
rNeg   . . .     Faith    .     (shield restricted)
rPois  +         Spirit   .     (helmet restricted)
rElec  +         Reflect  +     A - +2 cloak
rCorr  .         Harm     .     (gloves unavailable)
MR     +++..                    (boots unavailable)
Stlth  ++++++++++               P - +3 amulet of reflection
                                t - ring "Acrynus" {rC+ Str+2 Int+3 Stlth+}
                                E - ring of protection from magic

@: slowed, wreathed by umbra, quick
A: unfitting armour, see invisible, herbivore 3, speed 3, slow metabolism 2
a: Shadow Step, Renounce Religion


You were on level 3 of the Lair of Beasts.
You worshipped Dithmenos.
Dithmenos was most pleased with you.
You were very hungry.

You visited 6 branches of the dungeon, and saw 27 of its levels.
You also visited: Sewer.

You collected 1087 gold pieces.
You spent 608 gold pieces at shops.

Inventory:

Hand Weapons
 a - a +4 dagger of venom
 b - a +0 blowgun
 d - the +6 long sword of Expedience (weapon) {speed, Int+7}
   (You found it on level 1 of the Lair of Beasts)

   Attacks with this weapon are significantly faster.
   It affects your intelligence (+7).
Missiles
 e - 3 poisoned needles
 f - a curare-tipped needle
Armour
 i - the +0 robe "Suitraz" (worn) {rElec rPois rF+ Regen+}
   (You bought it in a shop on level 2 of the Orcish Mines)

   It protects you from fire.
   It insulates you from electricity.
   It protects you from poison.
   It increases your rate of regeneration.
 A - a +2 cloak (worn)
Magical Staves
 j - an uncursed staff of earth {unknown}
Jewellery
 q - a +3 ring of intelligence {unknown}
 t - the ring "Acrynus" (right hand) {rC+ Str+2 Int+3 Stlth+}
   (You found it on level 4 of the Lair of Beasts)

   [ring of intelligence]

   It affects your strength (+2).
   It affects your intelligence (+3).
   It protects you from cold.
   It makes you more stealthy.
 E - a ring of protection from magic (left hand)
 F - an uncursed amulet of rage
 H - an uncursed ring of protection from cold
 P - a +3 amulet of reflection (around neck)
 Y - an uncursed ring of positive energy
Wands
 k - a wand of slowing (25/48)
 O - a wand of slowing (15/48)
 R - a wand of acid (2/15)
 S - a wand of teleportation (3/9)
 U - a wand of iceblast (2/15)
 V - a wand of polymorph (13/24)
Scrolls
 c - a scroll of brand weapon {unknown}
 m - 8 scrolls of teleportation
 n - 15 scrolls of identify
 o - 2 scrolls of blinking
 r - a scroll of magic mapping
 Q - 3 scrolls of remove curse
Potions
 h - 2 potions of heal wounds
 l - a potion of berserk rage
 p - a potion of cancellation
 s - a potion of flight
 u - 4 potions of curing
Comestibles
 g - 4 bread rations
 K - 18 fruits


   Skills:
 + Level 6.2 Fighting
 * Level 11.3 Short Blades
 - Level 6.0 Throwing
 + Level 10.5 Dodging
 * Level 15.8 Stealth
   Level 1.3 Shields
 - Level 6.4 Spellcasting
 - Level 6.6 Hexes
 - Level 7.3 Charms
 + Level 5.9 Invocations
 * Level 10.8 Evocations


You had 17 spell levels left.
You knew the following spells:

 Your Spells              Type           Power        Failure   Level  Hunger
a - Ensorcelled Hibernat  Hex/Ice        ###...       4%          2    None
b - Confuse               Hex            #####...     1%          3    #......
c - Shroud of Golubria    Chrm/Tloc      ###.......   3%          2    None


Dungeon Overview and Level Annotations

Branches:
Dungeon (15/15)            Temple (1/1) D:4            Lair (6/6) D:10
  Snake (2/4) Lair:4        Slime (1/5) Lair:5          Orc (2/2) D:10
    Elf (0/3) Orc:2        Depths (0/5) D:15
  Swamp: Lair:2-4    Shoals: Lair:2-4    Vaults: D:13-14

Altars:
Ashenzari
Cheibriados
Dithmenos
Elyvilon
Fedhas
Hepliaklqana
Kikubaaqudgha
Makhleb
Nemelex Xobeh
Ru
Sif Muna
Trog
Uskayaw
Vehumet
Xom
Yredelemnul
Zin
Beogh

Shops:
D:10 *   Orc:2 *=[   Snake:1 }=}

Annotations:
D:6 Dowan
D:7 Joseph
D:8 Denreik's ghost, weakling FoCK
D:9 Maurice
D:11 Nikta's ghost, novice SpAs
D:13 Denreik's ghost, weakling FoCK
Snake:1 Dexcius's ghost, journeyman MiBe


Innate Abilities, Weirdness & Mutations

You are very small and have problems with some larger weapons.
You are too small for most types of armour.
You have supernaturally acute eyesight. (SInv)
You are a herbivore.
You cover ground extremely quickly.
You need consume almost no food.


Message History

The torpor snail completely misses you.
You riposte.
You hit the torpor snail.
The torpor snail is moderately wounded.
You slash the torpor snail!
The torpor snail is moderately wounded.
The torpor snail completely misses you.
You hit the torpor snail.
The torpor snail is heavily wounded.
The torpor snail bites you!!
You hit the torpor snail.
The torpor snail is heavily wounded.
You slash the torpor snail!
The torpor snail is severely wounded.
The torpor snail bites you!
You slash the torpor snail!
The torpor snail is severely wounded.
The torpor snail bites you!
* * * LOW HITPOINT WARNING * * *
There is a stone staircase leading up here.
The torpor snail bites you!!
You die...

.P.#### ...# #########
### ...## ##
#..#.#..##..#
....##.###P.%.......P#
...#..##.##.........P#
..........'...(......#
.......####.........##
....#### ##.....w...#
...## #......@...#
...# ##.........# ...#
#.........# ####
###P.##'### # ##
#####.## ####.#
###..P# P#P.###
##.Y..P# .P....#
##.#YYP## .....##
#....###


You could see a torpor snail.

Vanquished Creatures
  Rupert (Orc:2)
  An azure jelly (Slime:1)
  A stone giant (Orc:1)
  A dire elephant (Lair:6)
  Snorg (Lair:5)
  Fannar (Orc:1)
  2 hydras
  2 naga warriors (Snake:1)
  An ogre mage (Orc:2)
  An anaconda (Snake:1)
  Urug (Lair:3)
  A shock serpent (Snake:1)
  An unseen horror (D:13)
  A wizard (Lair:6)
  A mana viper (Snake:2)
  2 ugly things
  A salamander (Snake:1)
  2 naga magi (Snake:1)
  3 black mambas
  3 spiny frogs
  7 komodo dragons
  A troll (Orc:2)
  A hornet (D:9)
  3 two-headed ogres (Orc:2)
  A slime creature (Lair:5)
  6 blink frogs
  A dream sheep (Lair:6)
  8 hippogriffs
  15 yaks
  A wyvern (Lair:4)
  A hill giant zombie (D:10)
  2 basilisks (Lair:5)
  3 nagas (Snake:1)
  3 swamp worms (Lair:4)
  A warg (Orc:2)
  5 water moccasins
  9 porcupines
  Duvessa (D:6)
  3 black bears
  8 orc warriors
  10 ogres
  3 phantoms
  15 wolves
  5 crocodiles
  10 bullfrogs
  A wyvern skeleton (D:11)
  A scorpion (D:13)
  8 killer bees (D:10)
  A howler monkey (D:6)
  3 crimson imps
  A hound (D:7)
  A bullfrog skeleton (D:10)
  6 orc priests
  5 jellies
  Crazy Yiuf (D:4)
  3 centaur skeletons
  16 orc wizards
  5 worker ants
  A killer bee zombie (D:6)
  5 ogre zombies (D:10)
  A worker ant zombie (D:7)
  A gnoll (D:12)
  12 adders
  A howler monkey skeleton (D:4)
  7 river rats
  4 shadow imps
  2 oozes (Sewer)
  3 worms
  3 leopard geckos
  29 orcs
  8 bats
  5 giant cockroaches
  3 goblins
  4 hobgoblins
  4 jackals (D:3)
  A quokka (D:9)
  13 ball pythons
  4 frilled lizards
  2 goblin skeletons (D:10)
  3 goblin zombies (D:10)
  A hobgoblin skeleton (D:10)
  6 kobolds
  2 orc skeletons (D:10)
  11 orc zombies (D:10)
  A quokka skeleton (D:5)
  27 rats
  A fire vortex (Lair:4)
368 creatures vanquished.

Vanquished Creatures (others)
  An adder (D:3)
  A bush (Lair:4)
  12 fungi
  15 plants
29 creatures vanquished.

Grand Total: 397 creatures vanquished

Notes
Turn   | Place    | Note
-------+----------+-------------------------------------------
     0 | D:1      | Nikta the Spriggan Assassin began the quest for the Orb.
     0 | D:1      | Reached XP level 1. HP: 10/10 MP: 2/2
   122 | D:2      | Reached skill level 6 in Stealth
   170 | D:2      | Reached XP level 2. HP: 15/15 MP: 3/3
   462 | D:2      | Reached XP level 3. HP: 18/18 MP: 4/4
   662 | D:3      | Found a deep blue altar of Sif Muna.
   730 | D:3      | Found a radiant altar of Vehumet.
   770 | D:3      | Reached XP level 4. HP: 16/23 MP: 5/5
   880 | D:4      | Found a staircase to the Ecumenical Temple.
   897 | D:4      | Found a glowing drain.
   989 | Sewer    | Entered a sewer
  1190 | Sewer    | Reached skill level 7 in Stealth
  1190 | Sewer    | Reached XP level 5. HP: 24/26 MP: 6/6
  2337 | Temple   | Entered the Ecumenical Temple
  2427 | Temple   | Became a worshipper of Dithmenos the Shadowed
  2526 | D:4      | Noticed an orc warrior
  2622 | D:5      | Entered Level 5 of the Dungeon
  2654 | D:5      | Noticed a centaur
  2655 | D:5      | Reached XP level 6. HP: 19/32 MP: 7/7
  2713 | D:4      | Found a runed door.
  2721 | D:4      | Noticed Crazy Yiuf
  2729 | D:4      | Killed Crazy Yiuf
  2978 | D:6      | Noticed a water moccasin
  3002 | D:6      | You fall through a shaft for 2 floors!
  3060 | D:10     | Entered Level 10 of the Dungeon
  3088 | D:10     | Reached * piety under Dithmenos
  3116 | D:10     | Found a staircase to the Lair.
  3117 | D:10     | Noticed a komodo dragon
  3162 | D:10     | Reached skill level 8 in Stealth
  3237 | D:10     | Killed a komodo dragon
  3237 | D:10     | Reached skill level 5 in Short Blades
  3237 | D:10     | Reached XP level 7. HP: 36/36 MP: 8/8
  3323 | D:10     | Reached skill level 5 in Dodging
  3323 | D:10     | Reached skill level 9 in Stealth
  3369 | D:9      | Noticed a hornet
  3375 | D:9      | Killed a hornet
  3375 | D:9      | Reached XP level 8. HP: 36/40 MP: 9/9
  3452 | D:7      | Noticed Joseph
  3551 | D:8      | Noticed Denreik's ghost (weakling FoCK)
  3670 | D:7      | Reached skill level 10 in Stealth
  4008 | D:6      | Reached skill level 1 in Evocations
  4021 | D:6      | Noticed Dowan
  4058 | D:6      | Noticed Duvessa
  4061 | D:6      | Killed Duvessa
  4150 | D:5      | Learned a level 2 spell: Ensorcelled Hibernation
  4160 | D:5      | Reached ** piety under Dithmenos
  4180 | D:5      | Reached skill level 1 in Invocations
  4210 | D:5      | Reached skill level 5 in Throwing
  4322 | D:6      | Reached XP level 9. HP: 11/45 MP: 4/11
  4733 | D:9      | Noticed Maurice
  4809 | D:10     | Found Zapun's General Store.
  4818 | D:10     | Bought a scroll of identify for 26 gold pieces
  4821 | D:10     | Bought a scroll of identify for 26 gold pieces
  4920 | D:12     | Reached skill level 1 in Hexes
  5130 | D:12     | Got an encrusted falchion
  5132 | D:12     | Noticed a white ugly thing
  5135 | D:12     | Killed a white ugly thing
  5135 | D:12     | Reached skill level 11 in Stealth
  5135 | D:12     | Reached skill level 1 in Spellcasting
  5140 | D:12     | You fall through a shaft for 3 floors!
  5140 | D:15     | Entered Level 15 of the Dungeon
  5162 | D:15     | Identified the +2 falchion "Spiderbane" {slice, rElec} (You found it on level 12 of the Dungeon)
  5170 | D:14     | Noticed a catoblepas
  5223 | D:15     | Found a sacrificial altar of Ru.
  5247 | D:15     | Noticed a yaktaur
  5251 | D:15     | Found a staircase to the Depths.
  5251 | D:15     | Noticed a yaktaur captain
  5255 | D:15     | Noticed a centaur warrior
  5401 | D:14     | Noticed a hill giant
  5431 | D:12     | Noticed a troll
  5446 | D:13     | Noticed an efreet
  5463 | D:13     | Noticed an unseen horror
  5465 | D:13     | Noticed a troll
  5466 | D:13     | Killed an unseen horror
  5508 | D:13     | Noticed a red ugly thing
  5515 | D:13     | Killed a red ugly thing
  5524 | D:13     | Learned a level 3 spell: Confuse
  5535 | D:13     | Noticed a centaur warrior
  5551 | D:13     | Noticed a vault guard
  5601 | D:13     | Noticed an orc knight
  5855 | D:13     | Noticed a seven-headed hydra
  5860 | D:13     | Noticed Denreik's ghost (weakling FoCK)
  6111 | D:13     | Got a shimmering buckler
  6129 | D:13     | Identified the +2 buckler of Omuutei {rCorr} (You found it on level 13 of the Dungeon)
  6182 | D:11     | Noticed Nikta's ghost (novice SpAs)
  6215 | D:11     | Noticed a freezing wraith
  6219 | D:11     | Gained mutation: Your body sometimes deteriorates upon taking damage. [potion of mutation]
  6219 | D:11     | Lost mutation: Your body sometimes deteriorates upon taking damage. [potion of mutation]
  6499 | D:10     | Reached XP level 10. HP: 47/51 MP: 14/14
  6588 | D:10     | Found a staircase to the Orcish Mines.
  6676 | D:10     | Learned a level 2 spell: Shroud of Golubria
  6764 | Lair:1   | Entered Level 1 of the Lair of Beasts
  6956 | Lair:1   | Reached skill level 12 in Stealth
  6958 | Lair:1   | Got a slimy long sword
  6959 | Lair:1   | Identified the +6 long sword of Expedience {speed, Int+7} (You found it on level 1 of the Lair of Beasts)
  7051 | Lair:1   | Reached skill level 1 in Charms
  7051 | Lair:1   | Reached skill level 5 in Evocations
  7447 | Lair:2   | Noticed a spiny frog
  7482 | Lair:3   | Noticed a torpor snail
  7518 | Lair:3   | Noticed Urug
  7522 | Lair:3   | Killed Urug
  7522 | Lair:3   | Reached *** piety under Dithmenos
  7603 | Lair:4   | Got a faintly glowing jade ring
  7609 | Lair:4   | Identified the ring "Acrynus" {rC+ Str+2 Int+3 Stlth+} (You found it on level 4 of the Lair of Beasts)
  7614 | Lair:3   | Noticed a spiny frog
  7624 | Lair:3   | Killed a spiny frog
  7781 | Lair:3   | Found a glowing silver altar of Zin.
  7799 | Lair:3   | Noticed a death yak
  7800 | Lair:3   | Noticed a death yak
  7800 | Lair:3   | Noticed a death yak
  7876 | Lair:2   | Noticed a black mamba
  7991 | Lair:2   | Reached XP level 11. HP: 46/54 MP: 17/17
  8204 | Lair:2   | Noticed a seven-headed hydra
  8344 | Lair:3   | You fall through a shaft!
  8369 | Lair:3   | Noticed a death yak
  8369 | Lair:3   | Noticed a death yak
  8516 | Lair:4   | Reached skill level 5 in Fighting
  8517 | Lair:4   | Found a staircase to the Snake Pit.
  8523 | Lair:4   | Reached skill level 13 in Stealth
  8669 | Lair:5   | Found a staircase to the Slime Pits.
  8702 | Lair:6   | Entered Level 6 of the Lair of Beasts
  8739 | Lair:6   | Noticed a death yak
  8739 | Lair:6   | Noticed a death yak
  8740 | Lair:6   | Noticed a death yak
  8740 | Lair:6   | Noticed a death yak
  8741 | Lair:6   | Noticed an eight-headed hydra
  8747 | Lair:6   | Noticed a death yak
  8750 | Lair:6   | Noticed a death yak
  8833 | Lair:5   | Noticed Snorg
  8932 | Lair:5   | Reached **** piety under Dithmenos
  9003 | Lair:5   | Killed Snorg
  9074 | Lair:5   | Reached skill level 5 in Charms
  9133 | Lair:5   | Reached skill level 5 in Hexes
  9401 | Lair:6   | Reached skill level 5 in Spellcasting
  9463 | Lair:6   | Noticed an eight-headed hydra
  9615 | Lair:6   | Noticed an eight-headed hydra
  9634 | Lair:6   | Noticed a dire elephant
  9640 | Lair:6   | Killed a dire elephant
  9640 | Lair:6   | Reached skill level 14 in Stealth
  9670 | Lair:6   | Reached skill level 1 in Shields
  9670 | Lair:6   | Reached XP level 12. HP: 43/60 MP: 20/20
  9719 | Lair:6   | Reached skill level 10 in Short Blades
  9757 | Lair:6   | Noticed a six-headed hydra
  9765 | Lair:6   | Killed a six-headed hydra
  9785 | Lair:6   | Found a burning altar of Makhleb.
  9963 | Lair:3   | Noticed a seven-headed hydra
 10035 | Lair:3   | Killed a seven-headed hydra
 10498 | D:10     | Reached ***** piety under Dithmenos
 10544 | Orc:1    | Entered Level 1 of the Orcish Mines
 10544 | Orc:1    | Noticed Fannar
 10546 | Orc:1    | Killed Fannar
 10546 | Orc:1    | Reached skill level 5 in Invocations
 10606 | Orc:2    | Entered Level 2 of the Orcish Mines
 10611 | Orc:2    | Found a roughly hewn altar of Beogh.
 10637 | Orc:1    | Noticed a stone giant
 10640 | Orc:1    | Killed a stone giant
 10794 | Orc:2    | Noticed Rupert
 10799 | Orc:2    | Killed Rupert
 10800 | Orc:2    | Found Bosk's Assorted Antiques.
 10808 | Orc:2    | Bought an opalescent robe for 193 gold pieces
 10833 | Orc:2    | Identified the cursed +0 robe "Suitraz" {rElec rPois rF+ Regen+} (You bought it in a shop on level 2 of the Orcish Mines)
 10850 | Orc:2    | Bought an ominously black robe for 193 gold pieces
 10850 | Orc:2    | Bought a potion of heal wounds for 170 gold pieces
 10941 | Orc:2    | Reached skill level 15 in Stealth
 11215 | Orc:2    | Found a staircase to the Elven Halls.
 11218 | Orc:2    | Reached skill level 10 in Dodging
 11229 | Orc:2    | Noticed an ogre mage
 11229 | Orc:2    | Noticed an ogre mage
 11232 | Orc:2    | Found Pethy's Armour Boutique.
 11232 | Orc:2    | Found Paugam's Jewellery Shoppe.
 11242 | Orc:2    | Noticed an ogre mage
 11303 | Orc:2    | Killed an ogre mage
 11303 | Orc:2    | Reached skill level 10 in Evocations
 11443 | Lair:1   | Identified the +1 robe of Surprise {rElec rN+ Str+5 Dex-2} (You bought it in a shop on level 2 of the Orcish Mines)
 11565 | Lair:3   | Reached XP level 13. HP: 58/65 MP: 23/23
 11583 | Lair:3   | Found a bloodstained altar of Trog.
 11726 | Snake:1  | Entered Level 1 of the Snake Pit
 11784 | Snake:1  | Noticed Dexcius's ghost (journeyman MiBe)
 11974 | Snake:1  | Found Zann's Gadget Emporium.
 11974 | Snake:1  | Found Odwah's Jewellery Shop.
 11975 | Snake:1  | Found Roant's Gadget Emporium.
 12533 | Slime:1  | Entered Level 1 of the Pits of Slime
 12533 | Slime:1  | Noticed an azure jelly
 12535 | Slime:1  | Killed an azure jelly
 12746 | Lair:3   | Mangled by a torpor snail

Skill      XL: |  1  2  3  4  5  6  7  8  9 10 11 12 13 |
---------------+----------------------------------------+-----
Stealth        | 6 7 8 9 10 11 12 14 15 | 15.8
Short Blades   | 3 4 5 6 7 8 9 10 11 | 11.3
Dodging        | 2 3 4 5 6 7 8 9 10 | 10.5
Fighting       | 2 3 4 5 6 |  6.2
Throwing       | 3 4 5 6 |  6.0
Evocations     | 2 4 6 8 10 | 10.8
Invocations    | 1 2 3 4 5 |  5.9
Hexes          | 2 4 5 6 |  6.6
Spellcasting   | 2 3 5 6 |  6.4
Charms         | 3 5 7 |  7.3
Shields        | 1 |  1.3

Action                   |  1- 3 |  4- 6 |  7- 9 | 10-12 | 13-15 || total
-------------------------+-------+-------+-------+-------+-------++-------
Melee: Dagger            |    81 |   256 |   268 |   198 |    12 ||   815
       Falchion          |       |       |    25 |    25 |       ||    50
       Long sword        |       |       |       |   346 |   129 ||   475
 Fire: Blowgun           |    15 |   101 |    36 |    79 |     5 ||   236
 Cast: Ensorcelled Hiber |       |       |     1 |     1 |       ||     2
       Shroud of Golubri |       |       |       |     1 |     1 ||     2
       Confuse           |       |       |       |     3 |       ||     3
Invok: Shadow Step       |       |       |       |     6 |     4 ||    10
 Abil: Evoke Berserk Rag |       |       |       |     1 |       ||     1
Evoke: Wand              |       |       |     1 |     8 |     3 ||    12
  Use: Potion            |     1 |     9 |     2 |     4 |     1 ||    17
       Scroll            |       |     3 |    11 |     8 |       ||    22
 Stab: Sleeping          |    13 |     9 |    27 |    78 |    10 ||   137
       Distracted        |     1 |       |       |     2 |     5 ||     8
       Invisible         |       |       |       |     6 |       ||     6
  Eat: Fruit             |       |       |     2 |     3 |       ||     5
       Bread ration      |       |       |     1 |       |       ||     1
Armor: Robe              |    12 |    27 |    21 |    17 |     1 ||    78
       Skin              |       |       |       |    16 |       ||    16
Dodge: Dodged            |    60 |   243 |   195 |   375 |   104 ||   977
Block: Other             |       |       |       |    37 |     6 ||    43
       Reflection        |       |       |       |     1 |     1 ||     2
       Rpst.: Falchion   |       |       |     6 |     3 |       ||     9
       Long sword        |       |       |       |    77 |    22 ||    99
